 Dungeon Crawl Stone Soup version 0.14.2 (webtiles) character file.

180 Trafet the Ruffian (level 3, -6/31 HPs)
             Began as a Troll Wizard on Apr 19, 2015.
             Killed by divine providence
             ... invoked by an orc priest
              (13 damage)
             ... on Level 3 of the Dungeon.
             The game lasted 00:03:24 (1351 turns).

Trafet the Ruffian (Troll Wizard)                   Turns: 1351, Time: 00:03:24

HP  -6/31        AC  5     Str 15      XL: 3   Next: 89%
MP   5/5         EV  9     Int 15      God:
Gold 117         SH  0     Dex  8      Spells:  1 memorised,  5 levels left

rFire  . . .     SeeInvis .       - Unarmed
rCold  . . .     Clarity  .     l - +0 robe
rNeg   . . .     Conserve .     (shield restricted)
rPois  .         rCorr    .     b - +0 hat
rElec  .         rRot     .     (no cloak)
SustAb . .       Spirit   .     (gloves unavailable)
rMut   .         Warding  .     (boots unavailable)
Gourm  +         Stasis   .     (no amulet)
MR     .....                    (no ring)
                                (no ring)

@: not resistant to hostile enchantments, unstealthy
A: unfitting armour, claws 3, fast metabolism 3, gourmand, regeneration 2,
saprovore 2, shaggy fur 1, tough skin 2
a: no special abilities


You were on level 3 of the Dungeon.
You were not hungry.

You visited 1 branch of the dungeon, and saw 3 of its levels.

You collected 117 gold pieces.

Inventory:

Missiles
 m - 6 tomahawks (quivered)
 u - 5 large rocks
Armour
 a - a +0 robe
 b - a +0 hat (worn)
 l - a +0 robe (worn)
Comestibles
 d - 2 meat rations
 k - 2 apples
Scrolls
 e - a scroll of fear {unknown}
 g - a scroll of random uselessness {unknown}
 j - 4 scrolls of identify {unknown}
 o - a scroll of teleportation {unknown}
 q - a scroll of magic mapping {unknown}
 r - a scroll of enchant weapon II {unknown}
 y - a scroll of fog {unknown}
Jewellery
 s - a cursed ring of hunger {unknown}
 t - an uncursed ring of protection from fire {unknown}
Potions
 f - a potion of mutation {unknown}
 h - a potion of flight {unknown}
 i - a potion of curing {unknown}
 n - 2 potions of brilliance {unknown}
 p - a potion of poison {unknown}
 v - a potion of heal wounds {unknown}
 w - 2 potions of might {unknown}
 x - a potion of restore abilities {unknown}
 z - a potion of haste {unknown}
Books
 c - a book of Minor Magic

   Spells                             Type                      Level
   *Magic Dart                        Conjuration                  1
   Blink                              Translocation                2
   Call Imp                           Summoning                    2
   Repel Missiles                     Charms/Air                   2
   Slow                               Hexes                        2
   Conjure Flame                      Conjuration/Fire             3
   Mephitic Cloud                     Conjuration/Poison/Air       3


   Skills:
 - Level 1.5 Dodging
 - Level 1.1 Stealth
 + Level 3.6 Unarmed Combat
 - Level 2.0 Spellcasting
 - Level 0.6 Conjurations
   Level 0.6 Summonings
   Level 0.6 Translocations


You had 5 spell levels left.
You knew the following spells:

 Your Spells              Type           Power        Failure   Level  Hunger
a - Magic Dart            Conj           #...         17%         1    #......


Dungeon Overview and Level Annotations

Branches:
Dungeon (3/15)

Altars:


Innate Abilities, Weirdness & Mutations

You are too large for most types of armour.
You have claws for hands.
Your metabolism is lightning-fast.
You like to eat raw meat.
You heal very quickly.
You can eat rotten meat.
You are covered in fur (AC +1).
You have very tough skin (AC +2).


Message History

You feel troubled.
You barely miss the orc priest. The hobgoblin hits you with a club.
You hit the orc priest.
The orc priest begins to bleed from its wounds!
The orc priest is moderately wounded.
The orc priest misses you. The orc hits you with a hand axe.
The hobgoblin barely misses you.
You hit the orc priest but do no damage.
The orc priest is moderately wounded.
The orc priest invokes the aid of Beogh against you.
Pain shoots through your body! The orc hits you with a hand axe.
* * * LOW HITPOINT WARNING * * *
The hobgoblin closely misses you.
You are too injured to fight recklessly!
You are too injured to fight recklessly!
You are too injured to fight recklessly!
You are too injured to fight recklessly!
The orc priest invokes the aid of Beogh against you.
Something smites you!
You die...

.## .....## .......##
.........## ###
...........## ##.##
............###.#.##
............#......######
..⌠..⌠.o%....#...........#
..$...og(@...'......####.#
..$..!.o.....'......# #.#
.⌠..⌠.......#......# #.#
............#......# #.#
............#......# #.#
..........####.#######.#
.......[##.......#.....
......###.......#.....
..##.#.............


You could see an orc priest (bleeding), 2 orcs and a hobgoblin.

Vanquished Creatures
  2 adders
  2 giant geckos
  3 oozes
  6 bats
  2 giant cockroaches (D:1)
  6 goblins
  5 hobgoblins
  6 kobolds
  A quokka (D:2)
  2 giant newts
  A jackal (D:2)
  A rat (D:1)
37 creatures vanquished.

Notes
Turn   | Place    | Note
--------------------------------------------------------------
     0 | D:1      | Trafet, the Troll Wizard, began the quest for the Orb.
     0 | D:1      | Reached XP level 1. HP: 16/16 MP: 3/3
    72 | D:1      | Reached skill level 1 in Unarmed Combat
   126 | D:1      | Reached XP level 2. HP: 24/24 MP: 3/3
   842 | D:2      | Reached XP level 3. HP: 31/31 MP: 5/5
   949 | D:2      | Reached skill level 3 in Unarmed Combat
  1351 | D:3      | Killed from afar by an orc priest

Action                   || total
-------------------------++-------
Melee: Unarmed           ||   142
